AoeStats
← DragonKiller6

Hideout

507789041Analyzed
1v1 RM · 11d ago on Sep 19, 2026· 20m 12s· 2 players
Game mode
Random Map
Map size
Tiny (2 player)
Population
200
Speed
Normal
Resources
Standard
Victory
Conquest
Starting age
Dark Age
Ending age
Imperial Age
RankedLock teamsTeams togetherTeam positionsShared explorationLock speedFull tech treeHidden civsTurbo modeCheats
Victory
Defeat
🇭🇺 Magyars · Hungary
1246
+16
🇨🇦 Poles · Canada
1238
-16
DaddyDabes
9:49 Feudal Age
16:20 Castle Age
14:20 Double-Bit Axe
15:50 Stone Mining
15:50 Horse Collar
17:16 Wheelbarrow
17:02 Heavy Plow
18:35 Bow Saw
19:39 Wheelbarrow
18:53 Loom
19:27 Bloodlines
DragonKiller6
9:32 Feudal Age
10:18 Double-Bit Axe
15:22 Wheelbarrow
18:37 Castle Age
16:54 Gold Mining
19:16 Fletching
Connection lost

Rejoining the realm…

Still unreachable

The connection could not be restored.

Session expired

The server has moved on; the page needs a fresh start.